 Dungeon Crawl Stone Soup version 0.30-a0-778-g2ef04afb54 (webtiles) character file.

Game seed: 16497126387173746475

1 testtesttest123 the Vexing (level 1, -1/7 HPs)
             Began as a Felid Enchanter on Feb 15, 2023.
             Slain by a quokka (4 damage)
             ... on level 1 of the Dungeon.
             The game lasted 00:00:35 (62 turns).

testtesttest123 the Vexing (Felid Enchanter)          Turns: 62, Time: 00:00:35

Health: -1/7       AC:  1    Str:  4    XL:     1   Next: 16%
Magic:  4/4        EV: 17    Int: 16    God:
Gold:   0          SH:  0    Dex: 16    Spells: 4/4 levels left
                                        Lives:  0   Deaths: 0

rFire   . . .      SeeInvis +      - Unarmed
rCold   . . .      Faith    .    (shield unavailable)
rNeg    . . .      Spirit   .    (body armour unavailable)
rPois   .          Reflect  .    (helmet unavailable)
rElec   .          Harm     .    (cloak unavailable)
rCorr   .          Rampage  .    (gloves unavailable)
Will    .....                    (boots unavailable)
Stlth   +++                      (no amulet)
HPRegen 0.21/turn                (no ring)
MPRegen 0.09/turn                (no ring)

@: quick
A: very small, claws 1, fangs 3, see invisible, speed 1, shaggy fur 1, stealthy
paws, no weapons or thrown items, no armour, multi-lived
a: no special abilities


You were on level 1 of the Dungeon.
You visited 1 branch of the dungeon, and saw 1 of its levels.

Inventory:

Jewellery
 b - an amulet of faith
Potions
 a - 2 potions of invisibility


   Skills:
 + Level 2.6 Dodging
 + Level 4.0 Stealth
 + Level 1.0 Unarmed Combat
 + Level 2.0 Spellcasting
 + Level 4.5 Hexes


You had 4 spell levels left.
You didn't know any spells.
Your spell library contained the following spells:

 Spells                   Type           Power      Damage    Failure   Level
 Confusing Touch          Hex            16%        N/A       10%         3
 Tukima's Dance           Hex            16%        N/A       10%         3
 Ensorcelled Hibernation  Hex/Ice        16%        N/A       12%         2
 Dazzling Flash           Conj/Hex       16%        N/A       24%         3


Dungeon Overview and Level Annotations

Branches:
Dungeon (1/15)

Altars:


Innate Abilities, Weirdness & Mutations

You have sharp claws.
You have razor-sharp teeth.
You have supernaturally acute eyesight. (SInv)
You cover ground quickly. (Speed+)
You are covered in fur. (AC +1)
Your paws help you pounce on unaware monsters.
You are incapable of wielding weapons or throwing items.
You cannot wear armour.
You gain extra lives every three experience levels.


Message History

Found a whip.
You pounce on the unaware helpless endoplasm!
You claw the endoplasm!
You kill the endoplasm!
Okay, then.
Okay, then.
Okay, then.
Okay, then.
Okay, then.
Found a scale mail.
A hobgoblin comes into view.
Found a dented peridot amulet.
An endoplasm comes into view.
The endoplasm quivers.
The endoplasm freezes you.
You are frozen.
Ouch! That really hurt!
The quokka misses you. The endoplasm misses you.
Found a blue potion.
You see here an amulet of faith.
b - an amulet of faith The quokka misses you.
The endoplasm hits you but does no damage.
Found a robe.
You start putting on your amulet.
You continue putting on your amulet of faith.
The quokka barely misses you.
You continue putting on your amulet of faith.
The quokka bites you.
Keep equipping yourself? [Y]es or [N]o only, please.
Keep equipping yourself?
You continue putting on your amulet of faith.
The quokka closely misses you. The endoplasm barely misses you.
You continue putting on your amulet of faith.
The quokka twitches its whiskers.
The quokka bites you.
Ouch! That really hurt!
You die...

### ... #########.##...
######...r.J!.......
###........r.r@#
#.....................
#.#.##...........[....
#.#.#.....####........
#.#.......######.##....
#............# #.##...
#.#
#..###....#.#.##.##..#
.... #..#
##....###.......# #..#
#..####.#.#.#.#...#..###
.).


You could see an endoplasm, 2 quokkas and a rat.

Vanquished Creatures
  An endoplasm (D:1)
1 creature vanquished.

Notes
Turn   | Place    | Note
-------+----------+-------------------------------------------
     0 | D:1      | testtesttest123 the Felid Enchanter began the quest for the
                  | Orb.
     0 | D:1      | Reached XP level 1. HP: 7/7 MP: 4/4
    62 | D:1      | Slain by a quokka

Illustrated notes

Levels and vault maps discovered:
D:1:      dpeg_arrival_pond, layout_loops_ring, grunt_decor_arrowhead,
          minmay_misc_feat_alley

Action                     || total
---------------------------++-------
  Melee: Unarmed           ||     1
   Stab: Sleeping          ||     1
 Armour: Skin              ||     1
  Dodge: Dodged            ||     6

Table legend: (Time is in decaauts)
 A = Elapsed time spent in this place.
 B = Non-inter-level travel time spent in this place.
 C = Inter-level travel time spent in this place.
 D = Time resting spent in this place.
 E = Time spent auto-exploring this place.
 F = Levels seen in this place.
 G = Mean time per level.
                   A        B        C        D        E       F      G
               +--------+--------+--------+--------+--------+-----+--------+
         Total |     50 |     50 |      0 |      0 |      0 |   1 |   50.0 |
       Dungeon |     50 |     50 |      0 |      0 |      0 |   1 |   50.0 |
               +--------+--------+--------+--------+--------+-----+--------+

Top non-repeatable levels by time:
     D:1: 50 daAuts
